 Dungeon Crawl Stone Soup version 0.28-a0-751-gef3a642a4e (webtiles) character file.

Game seed: 7325569663484725643

2 jasper the Magician (level 1, -5/15 HPs)
             Began as a Djinni Fire Elementalist on Oct 30, 2021.
             Frozen to death by an endoplasm (7 damage)
             ... on level 1 of the Dungeon.
             The game lasted 00:00:23 (177 turns).

jasper the Magician (Djinni Fire Elementalist)       Turns: 177, Time: 00:00:24

Health: -5/15      AC:  2    Str:  7    XL:     1   Next: 44%
Gold:   0          EV: 12    Int: 16    God:
                   SH:  0    Dex: 13

rFire   + + .      SeeInvis .   (no weapon)
rCold   x . .      Faith    .   (no shield)
rNeg    . . .      Spirit   .   a - +0 robe
rPois   ∞          Reflect  .   (no helmet)
rElec   .          Harm     .   (no cloak)
rCorr   .          Rampage  .   (no gloves)
Will    .....                   (boots unavailable)
Stlth   ++........              (no amulet)
HPRegen 0.05/turn               (no ring)
MPRegen 0.00/turn               (no ring)

@: flying
A: sickness immunity, fire resistance 2, cold vulnerability 1, float, innate
caster, hp casting, extra vitality 1
a: no special abilities


You were on level 1 of the Dungeon.
You visited 1 branch of the dungeon, and saw 1 of its levels.

Inventory:

Armour
 a - a +0 robe (worn)


   Skills:
 + Level 0.2 Fighting
 + Level 2.2 Dodging
 - Level 1.5 Stealth
 * Level 2.4 Spellcasting


You couldn't memorise any spells.
You knew the following spells:

 Your Spells              Type           Power      Damage    Failure   Level
a - Foxfire               Conj/Fire      36%        2x1d5     7%          1
b - Scorch                Fire           18%        2d5       11%         2
c - Conjure Flame         Conj/Fire      9%         6-21      22%         3
d - Inner Flame           Hex/Fire       9%         N/A       22%         3
e - Flame Wave            Conj/Fire      9%         3d4       56%         4
Your spell library was empty.

Dungeon Overview and Level Annotations

Branches:
Dungeon (1/15)

Altars:


Innate Abilities, Weirdness & Mutations

You are immune to sickness and miasma.
You are immune to poison.
Your flesh is very heat resistant. (rF++)
You are vulnerable to cold. (rC-)
You float through the air rather than walking.
You learn spells naturally, not from books.
Your magical power is your life essence.
You have superior vitality. (+4 HP)


Message History

Found a scroll labelled EGOHEI ODWYMIPT.
The foxfire hits the hobgoblin but does no damage.
The foxfire hits the hobgoblin.
The hobgoblin is heavily wounded.
Casting: Foxfire (safe; 8% risk of failure)
Press: ? - help, Q - select action, (/) - cycle Dir - look around, f - activate You conjure some foxfire!
You take 1 damage, and have 9/15 hp.
The foxfire hits the hobgoblin but does no damage.
The hobgoblin is moderately wounded.
The foxfire hits the hobgoblin but does no damage.
The hobgoblin is moderately wounded.
Casting: Foxfire (safe; 8% risk of failure)
Press: ? - help, Q - select action, (/) - cycle Dir - look around, f - activate You miscast Foxfire.
You are very lightly contaminated with residual magic.
Nothing appears to happen.
The hobgoblin misses you.
You take 1 damage, and have 8/15 hp.
Casting: Foxfire (safe; 8% risk of failure)
Press: ? - help, Q - select action, (/) - cycle Dir - look around, f - activate You conjure some foxfire!
The hobgoblin hits you.
* * * LOW HITPOINT WARNING * * *
You take 6 damage, and have 2/15 hp.
MASSIVE DAMAGE!!
The foxfire hits the hobgoblin but does no damage.
The hobgoblin is moderately wounded.
The foxfire hits the goblin.
You kill the goblin!
The hobgoblin misses you. The hobgoblin closely misses you.
An endoplasm comes into view.
Your magical contamination has completely faded away.
Found a leather armour.
A hobgoblin comes into view.
The endoplasm quivers.
The hobgoblin shouts!
The endoplasm freezes you.
You are frozen!
You feel a terrible chill!
You die...

.... ..g. .....
.....######
..........#
.....[....#
..........#
#...@.# #..Jg.+
#.....# #.....#
..#.....#######
.....?.........#
................#
................#
....>..........#


You could see an endoplasm and 2 hobgoblins.

Vanquished Creatures
  A giant cockroach (D:1)
  A goblin (D:1)
2 creatures vanquished.

Vanquished Creatures (others)
  9 foxfires (D:1)
9 creatures vanquished.

Grand Total: 11 creatures vanquished

Notes
Turn   | Place    | Note
-------+----------+-------------------------------------------
     0 | D:1      | jasper the Djinni Fire Elementalist began the quest for the
                  | Orb.
     0 | D:1      | Reached XP level 1. HP: 15/15 MP: 0/0
   177 | D:1      | Frozen to death by an endoplasm

Illustrated notes

Levels and vault maps discovered:
D:1:      minmay_arrival_five_plusses, layout_basic,
          shapermc_ecumenical_altar_flowoftime, minmay_circled_x

Action                   || total
-------------------------++-------
 Cast: Foxfire           ||     6
Dodge: Dodged            ||     3

Table legend: (Time is in decaauts)
 A = Elapsed time spent in this place.
 B = Non-inter-level travel time spent in this place.
 C = Inter-level travel time spent in this place.
 D = Time resting spent in this place.
 E = Time spent auto-exploring this place.
 F = Levels seen in this place.
 G = Mean time per level.
                   A        B        C        D        E       F      G
               +--------+--------+--------+--------+--------+-----+--------+
         Total |    177 |    177 |      0 |    148 |      2 |   1 |  177.0 |
       Dungeon |    177 |    177 |      0 |    148 |      2 |   1 |  177.0 |
               +--------+--------+--------+--------+--------+-----+--------+

Top non-repeatable levels by time:
     D:1: 177 daAuts
